 Dungeon Crawl Stone Soup version 0.30-a0-718-geaa24f58ff (webtiles) character file.

Game seed: 4675324115840116859

1893 pokeman the Thaumaturge (level 8, -12/44 HPs)
             Began as a Deep Elf Hedge Wizard on Jan 25, 2023.
             Was a Follower of Vehumet.
             Mangled by an orc warrior
             ... wielding a +0 halberd
              (15 damage)
             ... on level 7 of the Dungeon.
             The game lasted 00:17:22 (6706 turns).

pokeman the Thaumaturge (Deep Elf Hedge Wizard)     Turns: 6706, Time: 00:17:23

Health: -12/44     AC:  3    Str: 13    XL:     8   Next: 93%
Magic:  18/24      EV: 13    Int: 28    God:    Vehumet [*.....]
Gold:   384        SH:  0    Dex: 14    Spells: 20/28 levels left

rFire   . . .      SeeInvis .    w - +2 dagger (venom)
rCold   . . .      Faith    .    (no shield)
rNeg    . . .      Spirit   .    b - +0 robe
rPois   .          Reflect  .    c - +0 hat
rElec   .          Harm     .    (no cloak)
rCorr   .          Rampage  .    (no gloves)
Will    .....                    y - +0 pair of boots
Stlth   ++                       (no amulet)
HPRegen 0.27/turn                f - +6 ring of strength
MPRegen 0.19/turn                u - +6 ring of intelligence

@: no status effects
A: no striking features
a: Renounce Religion


You were on level 7 of the Dungeon.
You worshipped Vehumet.
Vehumet was aware of your devotion.
You visited 2 branches of the dungeon, and saw 8 of its levels.
You also visited: Sewer.

You collected 384 gold pieces.

Inventory:

Hand Weapons
 w - a +2 dagger of venom (weapon)
 E - a +0 spectral quarterstaff
Armour
 b - a +0 robe (worn)
 c - a +0 hat (worn)
 y - a +0 pair of boots (worn)
Magical Staves
 a - a staff of poison
Jewellery
 f - a +6 ring of strength (left hand)
 m - a ring of fire
 u - a +6 ring of intelligence (right hand)
Wands
 t - a wand of polymorph (6)
Scrolls
 e - 2 scrolls of vulnerability {unknown}
 g - 3 scrolls of enchant weapon {unknown}
 h - a scroll of enchant armour {unknown}
 i - a scroll of fog {unknown}
 j - 4 scrolls of teleportation {unknown}
 k - 3 scrolls of amnesia {unknown}
 o - 5 scrolls of poison {unknown}
 p - a scroll of torment {unknown}
 q - 5 scrolls of identify {unknown}
 x - a scroll of brand weapon {unknown}
 D - a scroll of acquirement {unknown}
Potions
 d - 2 potions of magic
 l - 4 potions of attraction {unknown}
 n - a potion of mutation {unknown}
 r - 3 potions of berserk rage {unknown}
 s - a potion of lignification {unknown}
 v - 2 potions of degeneration {unknown}
 z - 2 potions of curing {unknown}
 A - 2 potions of resistance {unknown}
 B - a potion of flight {unknown}
 C - a potion of heal wounds {unknown}


   Skills:
 - Level 2.0 Fighting
 + Level 3.3 Armour
 - Level 3.0 Dodging
 - Level 3.0 Stealth
 * Level 10.6 Spellcasting
 + Level 5.6 Conjurations
 + Level 4.3 Summonings
 - Level 1.1 Translocations
 - Level 1.0 Air Magic
 - Level 1.1 Poison Magic
 - Level 1.3 Evocations


You had 20 spell levels left.
You knew the following spells:

 Your Spells              Type           Power      Damage    Failure   Level
a - Magic Dart            Conj           100%       1d8       1%          1
b - Mephitic Cloud        Conj/Pois/Air  29%        N/A       3%          3
c - Call Imp              Summ           39%        N/A       1%          2
d - Blink                 Tloc           42%        N/A       3%          2

Your spell library contained the following spells:

 Spells                   Type           Power      Damage    Failure   Level
 Shock                    Conj/Air       100%       1d9       1%          1
 Slow                     Hex            56%        N/A       3%          1
 Cigotuvi's Dreadful Rot  Necr/Pois/Air  36%        N/A       4%          2
 Ignite Poison            Fire/Tmut/Pois 17%        N/A       10%         3
 Sticky Flame             Conj/Fire      30%        2d5       12%         4
 Manifold Assault         Tloc           21%        N/A       24%         4
 Storm Form               Tmut/Air       8%         N/A       100%        7
 Ignition                 Fire           7%         3d4       100%        8


Dungeon Overview and Level Annotations

Branches:
Dungeon (7/15)             Temple (1/1) D:5           Sewer (visited)

Altars:
Ashenzari
Dithmenos
Hepliaklqana
Nemelex Xobeh
Qazlal
Sif Muna
Uskayaw
Vehumet
Xom
Yredelemnul
The Shining One

Shops:
D:1 (   D:6 :


Message History

The orc warrior appears confused.
The orc warrior is engulfed in noxious fumes.
You hit the orc warrior.
The orc warrior is lightly wounded.
The orc warrior barely misses you.
The orc shouts!
You hit the orc warrior but do no damage.
The orc warrior is poisoned.
The orc warrior is lightly wounded.
The orc warrior hits you with a +0 halberd!
You hit the orc warrior but do no damage.
The orc warrior looks as sick as possible!
The orc warrior is lightly wounded.
You hit the orc warrior.
The orc warrior is moderately wounded.
You hit the orc.
The orc is poisoned.
You punch the orc.
The orc is heavily wounded.
You kill the orc!
Vehumet accepts your kill.
A scorpion comes into view.
The orc warrior seems less confused.
The orc warrior completely misses you.
You hit the orc warrior but do no damage.
The orc warrior is heavily wounded.
The orc warrior hits you with a +0 halberd.
The orc warrior attacks as you move away!
The orc warrior barely misses you. The orc warrior closely misses you.
Casting: Mephitic Cloud (dangerous; 3% risk of failure)
Confirm with . or Enter, or press ? or * to list all spells.
Aiming: Mephitic Cloud (dangerous; 3% risk of failure)
Press: ? - help, Shift-Dir - straight line, p - orc warrior The ball explodes into a vile cloud!
The stinking cloud engulfs the scorpion but does no damage.
The stinking cloud engulfs the orc warrior but does no damage.
The orc warrior is severely wounded.
The orc warrior is engulfed in noxious fumes.
The orc warrior hits you from afar with a +0 halberd!
* * * LOW HITPOINT WARNING * * *
The orc warrior is engulfed in noxious fumes.
The orc warrior hits you from afar with a +0 halberd!
You die...

... #.. #####
#..###... #
#.......
..###...##.#
#..........####
........#..##.##
...........#...##
#######<#..)○s.@#
#.####☼§.## ..#
##o## #### #.#
#.# #.# #.# #.#
#.#


You could see an orc warrior (very poisoned) and a scorpion.

Vanquished Creatures
  Joseph (D:7)
  Pargi (Sewer)
  An ice beast (D:5)
  A black bear (D:5)
  2 ogres
  A phantom (D:4)
  A kobold brigand (D:6)
  A necrophage (D:4)
  2 scorpions
  A jelly (D:5)
  2 hounds (D:5)
  A gnoll bouda (D:6)
  An orc priest (D:5)
  4 iguanas
  14 gnolls
  6 adders
  A river rat (D:4)
  A dart slug (D:3)
  13 orcs
  7 bats
  9 endoplasms
  A giant cockroach (D:4)
  7 hobgoblins
  7 jackals
  3 quokkas
  4 ball pythons
  6 frilled lizards
  12 goblins
  14 kobolds
  8 rats
133 creatures vanquished.

Vanquished Creatures (collateral kills)
  A black bear (D:2)
  A necrophage (D:6)
  Ijyb (D:3)
  4 gnolls (D:3)
  A river rat (D:4)
  A worm (D:2)
  An orc (D:3)
  2 ball pythons (D:4)
  A goblin (D:2)
  A rat (D:4)
14 creatures vanquished.

Grand Total: 147 creatures vanquished

Notes
Turn   | Place    | Note
-------+----------+-------------------------------------------
     0 | D:1      | pokeman the Deep Elf Hedge Wizard began the quest for the
                  | Orb.
     0 | D:1      | Reached XP level 1. HP: 10/10 MP: 7/7
    15 | D:1      | Found Moareot's Weapon Boutique.
   276 | D:1      | Reached XP level 2. HP: 15/16 MP: 2/9
  1000 | D:1      | Reached skill level 5 in Spellcasting
  1279 | D:2      | Reached XP level 3. HP: 20/20 MP: 8/11
  1283 | D:2      | Learned a level 3 spell: Mephitic Cloud
  1286 | D:2      | Learned a level 2 spell: Call Imp
  1289 | D:2      | Learned a level 2 spell: Blink
  1839 | D:2      | Noticed a black bear
  1865 | D:2      | Killed a black bear
  1866 | D:2      | Reached skill level 1 in Fighting
  1866 | D:2      | Reached skill level 1 in Armour
  1866 | D:2      | Reached skill level 6 in Spellcasting
  1866 | D:2      | Reached XP level 4. HP: 23/25 MP: 1/14
  2164 | D:2      | Reached XP level 5. HP: 29/29 MP: 12/15
  2467 | D:3      | Found a faded altar of an unknown god.
  2630 | D:3      | Noticed Ijyb
  2671 | D:3      | Killed Ijyb
  3600 | D:4      | Noticed a phantom
  3719 | D:4      | Reached XP level 6. HP: 23/34 MP: 10/17
  3738 | D:4      | Reached skill level 7 in Spellcasting
  3738 | D:4      | Reached skill level 1 in Air Magic
  3738 | D:4      | Reached skill level 1 in Evocations
  3833 | D:4      | Found a glowing drain.
  3882 | Sewer    | Entered a sewer
  4027 | Sewer    | Noticed Pargi
  4050 | Sewer    | Killed Pargi
  4051 | Sewer    | Reached skill level 1 in Poison Magic
  4051 | Sewer    | Reached XP level 7. HP: 23/39 MP: 14/20
  4674 | D:5      | Entered Level 5 of the Dungeon
  4682 | D:5      | Found a stormy altar of Qazlal.
  4715 | D:5      | Reached skill level 8 in Spellcasting
  4819 | D:5      | Found a staircase to the Ecumenical Temple.
  4830 | Temple   | Entered the Ecumenical Temple
  4900 | Temple   | Became a worshipper of Vehumet
  5527 | D:5      | Reached skill level 9 in Spellcasting
  5527 | D:5      | Reached XP level 8. HP: 44/44 MP: 14/23
  6116 | D:6      | Found Qagiel Diomo's Book Shop.
  6118 | D:6      | Reached skill level 5 in Conjurations
  6122 | D:6      | Reached * piety under Vehumet
  6122 | D:6      | Offered knowledge of Shock by Vehumet.
  6420 | D:6      | Reached skill level 10 in Spellcasting
  6616 | D:7      | Noticed Joseph
  6636 | D:7      | Killed Joseph
  6705 | D:7      | HP: 2/44 [orc warrior/+0 halberd (17)]
  6706 | D:7      | Mangled by an orc warrior

Illustrated notes

Levels and vault maps discovered:
D:1:      nzn_arrival_crosshair, layout_basic, serial_shops, shop
D:2:      layout_loops_corners
D:3:      kb_forest_paths, layout_rooms,
          hellmonk_ecumenical_altar_leap_of_faith, corexii_leaking_fountain,
          minmay_pentangle, uniq_ijyb
D:4:      layout_rooms, portal_sewer_entry_e, lemuel_flame_loot_1
D:5:      layout_basic, grunt_qazlal_clouds, minmay_temple_entry_junction
D:6:      layout_basic, serial_shops, kennysheep_little_box
D:7:      layout_loops_ring, serial_shops, nicolae_shop_window_shopping,
          chequers_avenue, serial_park_tiny_2, uniq_crazy_yiuf_cottage,
          uniq_joseph
Temple:   mainiacjoe_temple_archimedes_tessellation

Skill      XL: |  1  2  3  4  5  6  7  8 |
---------------+-------------------------+-----
Spellcasting   | 5 6 7 9 10 | 10.6
Fighting       | 1 2 |  2.0
Armour         | 1 2 3 |  3.3
Conjurations   | 2 3 4 5 |  5.6
Stealth        | 3 |  3.0
Dodging        | 3 |  3.0
Air Magic      | 1 |  1.0
Evocations     | 1 |  1.3
Poison Magic   | 1 |  1.1
Summonings     | 2 4 |  4.3
Translocations | |  1.1

Action                     |  1- 3 |  4- 6 |  7- 9 || total
---------------------------+-------+-------+-------++-------
  Melee: Dagger            |    18 |    56 |    56 ||   130
         Punch             |       |       |     3 ||     3
   Cast: Magic Dart        |    89 |    58 |   113 ||   260
         Call Imp          |     4 |    13 |     4 ||    21
         Mephitic Cloud    |     1 |     6 |    21 ||    28
         Blink             |       |     2 |     2 ||     4
   Stab: Confused          |       |     5 |     8 ||    13
         Sleeping          |       |     4 |       ||     4
         Distracted        |       |       |     1 ||     1
 Armour: Robe              |     4 |     4 |     5 ||    13
  Dodge: Dodged            |    19 |    32 |    56 ||   107

Table legend: (Time is in decaauts)
 A = Elapsed time spent in this place.
 B = Non-inter-level travel time spent in this place.
 C = Inter-level travel time spent in this place.
 D = Time resting spent in this place.
 E = Time spent auto-exploring this place.
 F = Levels seen in this place.
 G = Mean time per level.
                   A        B        C        D        E       F      G
               +--------+--------+--------+--------+--------+-----+--------+
         Total |   6716 |   6468 |    248 |     89 |   5139 |   9 |  746.2 |
       Dungeon |   6303 |   6122 |    181 |     89 |   4976 |   7 |  900.4 |
        Temple |    138 |     71 |     67 |      0 |     52 |   1 |  138.0 |
         Sewer |    273 |    273 |      0 |      0 |    111 |   1 |  273.0 |
               +--------+--------+--------+--------+--------+-----+--------+

Top non-repeatable levels by time:
     D:2: 1351 daAuts
     D:3: 1184 daAuts
     D:1: 1050 daAuts
     D:6: 917 daAuts
     D:5: 883 daAuts
     D:4: 822 daAuts
   Sewer: 273 daAuts
  Temple: 138 daAuts
     D:7: 92 daAuts
